 Dungeon Crawl Stone Soup version 0.30.0-29-ga12c61a403 (webtiles) character file.

Game seed: 2720726402970142068

78 hawla the Firebug (level 4, -13/33 HPs)
             Began as a Meteoran Fire Elementalist on June 9, 2023.
             Mangled by a kobold
             ... wielding a +1 dagger of electrocution
              (19 damage)
             ... on level 4 of the Dungeon.
             The game lasted 00:03:37 (444 turns).

hawla the Firebug (Meteoran Fire Elementalist)       Turns: 444, Time: 00:03:38

Health: -13/33     AC:  2    Str:  9    XL:     4   Next: 93%
Magic:  10/10      EV: 13    Int: 18    God:
Gold:   98         SH:  0    Dex: 15    Spells: 7/10 levels left

rFire   . . .        c - +1 mace (heavy)
rCold   . . .        (no shield)
rNeg    . . .        a - +0 robe
rPois   .            (no helmet)
rElec   .            (no cloak)
rCorr   .            (no gloves)
SInv    .            (no boots)
Will    .....        (no amulet)
Stlth   +            (no ring)
HPRegen 0.25/turn    (no ring)
MPRegen 0.12/turn

%: no passive effects
@: glowing
A: sense surroundings 1, otherworldly, glowing, explore regen
a: no special abilities


You were on level 4 of the Dungeon.
You visited 1 branch of the dungeon, and saw 4 of its levels.

You collected 98 gold pieces.

Inventory:

Hand Weapons
 c - a +1 heavy mace (weapon)
Armour
 a - a +0 robe (worn)
Scrolls
 e - a scroll of poison {unknown}
Potions
 b - a potion of brilliance
 d - a potion of haste {unknown}


   Skills:
 + Level 0.1 Fighting
 + Level 2.8 Dodging
 - Level 1.4 Stealth
 + Level 3.7 Spellcasting
 + Level 1.9 Conjurations
 + Level 5.0 Fire Magic


You had 7 spell levels left.
You knew the following spells:

 Your Spells              Type           Power      Damage    Failure   Level
a - Foxfire               Conj/Fire      60%        2x1d7     3%          1
b - Scorch                Fire           42%        2d7       3%          2

Your spell library contained the following spells:

 Spells                   Type           Power      Damage    Failure   Level
 Inner Flame              Hex/Fire       12%        N/A       16%         3
 Volatile Blastmotes      Fire/Tloc      24%        2d12      16%         3
 Flame Wave               Conj/Fire      15%        2d7       34%         4


Dungeon Overview and Level Annotations

Branches:
Dungeon (4/15) Zot: 1952
 Temple: D:4-7

Altars:


Innate Abilities, Weirdness & Mutations

You passively map a small area around you.
You are easily found by Zot.
You glow in the dark.
You regain HP and MP as you explore.


Message History

You hit the orc.
The orc is moderately wounded.
The orc hits you but does no damage.
You smack the orc!
You kill the orc!
You cannot move.
You cannot move.
You start resting.
You hear the slow hiss of an avalanche of sand nearby.
You start resting.
HP restored.
You start resting.
Your transformation is almost over.
HP restored.
You feel less wooden.
Your +0 robe unmelds from your body.
You see here a +0 trident.
You see here 6 stones.
You see here a +1 heavy mace.
c - a +1 heavy mace (weapon)
Setting a skill training target for Maces & Flails at 14.0.
You see here a +0 flail.
Magic restored.
You hear the hiss of an avalanche of sand nearby.
You feel a little less clever now.
You now have 98 gold pieces (gained 14).
Found a stone staircase leading down.
A kobold comes into view.
It is wielding a +1 dagger of electrocution.
The kobold shouts!
You closely miss the kobold.
The kobold hits you with a +1 dagger of electrocution. x2
You are electrocuted!
You hit the kobold but do no damage.
The kobold hits you with a +1 dagger of electrocution. x2
You barely miss the kobold.
The kobold hits you with a +1 dagger of electrocution.
* * * LOW HITPOINT WARNING * * *
You are electrocuted!!
Ouch! That really hurt!
You die...

* , ..# * #.#
#.# * #.# *
#.# #.# #K# #
#@# # #.# #
#####.# #
##.....# #
######.#.####
* #
#.....###.>
,,, #..###.#
### *
######..####.#
..........#*.#
* *


You could see a kobold.

Vanquished Creatures
  An orc priest (D:4)
  2 adders
  2 worms (D:2)
  A dart slug (D:3)
  4 orcs (D:4)
  4 ball pythons (D:3)
  An endoplasm (D:4)
  A hobgoblin (D:3)
  A kobold (D:3)
  A quokka (D:4)
  2 bats (D:3)
  A frilled lizard (D:2)
21 creatures vanquished.

Vanquished Creatures (others)
  63 foxfires
63 creatures vanquished.

Grand Total: 84 creatures vanquished

Notes
Turn   | Place    | Note
-------+----------+-------------------------------------------
     0 | D:1      | hawla the Meteoran Fire Elementalist began the quest for
                  | the Orb.
     0 | D:1      | Reached XP level 1. HP: 14/14 MP: 5/5
    24 | D:2      | Reached skill level 4 in Fire Magic
    24 | D:2      | Reached XP level 2. HP: 7/20 MP: 2/6
    72 | D:2      | Reached XP level 3. HP: 26/26 MP: 2/8
    75 | D:2      | Learned a level 2 spell: Scorch
   182 | D:3      | Found a faded altar of an unknown god.
   343 | D:4      | Reached XP level 4. HP: 29/33 MP: 3/10
   361 | D:4      | Reached skill level 5 in Fire Magic
   444 | D:4      | Mangled by a kobold

Illustrated notes

Levels and vault maps discovered:
D:1:      minmay_arrival_floating_metal, layout_loops_ring
D:2:      layout_loops_cross, serial_shops, shop_statue, shop, shop, st_stairs_8
D:3:      layout_rooms, basic_ecumenical_altar
D:4:      layout_loops_ring, nicolae_ossuary_entry_ruins,
          nicolae_shop_overcharged_wands

Skill      XL: |  1  2  3  4 |
---------------+-------------+-----
Fire Magic     | 4 5 |  5.0
Spellcasting   | 3 |  3.7
Fighting       | |  0.1
Dodging        | |  2.8
Stealth        | |  1.4
Conjurations   | |  1.9

Action                     |  1- 3 |  4- 6 || total
---------------------------+-------+-------++-------
  Melee: Unarmed           |    11 |     4 ||    15
         Mace              |       |     3 ||     3
   Cast: Foxfire           |    37 |     6 ||    43
         Scorch            |     2 |       ||     2
    Use: Potion            |     1 |     2 ||     3
         Scroll            |     1 |       ||     1
 Armour: Robe              |     2 |       ||     2
         Skin              |       |     2 ||     2
  Dodge: Dodged            |     7 |     6 ||    13
